 Dungeon Crawl Stone Soup version 0.30-a0-137-gd8773701ce (webtiles) character file.

Game seed: 15973405363093222694

11 jlumianski the Chopper (level 2, -1/18 HPs)
             Began as a Gargoyle Gladiator on Sept 21, 2022.
             Slain by a jelly (2 damage)
             ... on level 2 of the Dungeon.
             The game lasted 00:01:21 (483 turns).

jlumianski the Chopper (Gargoyle Gladiator)          Turns: 483, Time: 00:01:22

Health: -1/18      AC: -1    Str: 17    XL:     2   Next: 29%
Magic:  2/2        EV: 12    Int:  8    God:
Gold:   52         SH:  0    Dex: 11    Spells: 1/1 levels left

rFire   . . .      SeeInvis .    a - +0 war axe
rCold   . . .      Faith    .    (no shield)
rNeg    + . .      Spirit   .    b - +0 leather armour
rPois   ∞          Reflect  .    c - +0 helmet
rElec   +          Harm     .    (no cloak)
rCorr   .          Rampage  .    (no gloves)
Will    .....                    (no boots)
Stlth   +.........               (no amulet)
HPRegen 0.06/turn                (no ring)
MPRegen 0.08/turn                (no ring)

@: corroded
A: sickness immunity, AC +2, negative energy resistance 1, electricity
resistance, torment resistance 1, petrification resistance
a: no special abilities


You were on level 2 of the Dungeon.
You visited 1 branch of the dungeon, and saw 3 of its levels.

You collected 52 gold pieces.

Inventory:

Hand Weapons
 a - a +0 war axe (weapon)
Missiles
 d - 3 throwing nets (quivered)
 e - a javelin
 g - 2 atropa-tipped darts
Armour
 b - a +0 leather armour (worn)
 c - a +0 helmet (worn)
Scrolls
 f - 3 scrolls of summoning {unknown}


   Skills:
 + Level 2.4 Fighting
 + Level 3.0 Axes
 + Level 1.8 Throwing
 + Level 2.6 Dodging


You had one spell level left.
You didn't know any spells.
Your spell library was empty.

Dungeon Overview and Level Annotations

Branches:
Dungeon (3/15)

Altars:


Innate Abilities, Weirdness & Mutations

You are immune to sickness and miasma.
Your stone body is resilient. (AC +2)
You are immune to poison.
You resist negative energy. (rN+)
You are resistant to electric shocks. (rElec)
You are resistant to unholy torment.
You are immune to petrification.


Message History

You hit the kobold but do no damage.
The kobold hits you with a +3 short sword.
The kobold completely misses you.
You slash the kobold!
You kill the kobold!
Things that are here:
a +3 short sword; a stone; a kobold corpse
There is a stone staircase leading down here.
You start resting.
HP restored.
You climb downwards.
The goblin barely misses you.
There is a stone staircase leading up here.
The goblin closely misses you.
You climb upwards.
There is a stone staircase leading down here.
You barely miss the goblin. The goblin hits you but does no damage.
You closely miss the goblin.
The goblin hits you but does no damage. x2
You closely miss the goblin. The goblin hits you with a +0 club.
You hit the goblin.
The goblin is heavily wounded.
The goblin barely misses you.
You slash the goblin!
You kill the goblin!
You see here a +0 club.
There is a stone staircase leading down here.
You start resting.
HP restored.
You climb downwards.
The jelly hits you but does no damage. x2
There is a stone staircase leading up here.
The jelly closely misses you.
You climb upwards.
There is a stone staircase leading down here.
You slash the jelly! The acid corrodes you!
Your hands burn!
The jelly is heavily wounded.
The jelly hits you. The acid corrodes you!
You are splashed with acid!
You hit the jelly but do no damage.
Your hands burn!
* * * LOW HITPOINT WARNING * * *
The jelly is heavily wounded.
The jelly hits you.
You die...

....# ##.#.#
#....# #....# #
#.<..# #.##.#.##
#.......##
#.#####(#..<####
.......@J......+
#######)#...####
#.##.## #.####
#.. #.. #...
##.# .#


You could see a jelly.

Vanquished Creatures
  A bat (D:1)
  2 giant cockroaches (D:1)
  3 goblins
  A kobold (D:2)
  3 rats (D:1)
10 creatures vanquished.

Vanquished Creatures (others)
  A fungus (D:1)
1 creature vanquished.

Grand Total: 11 creatures vanquished

Notes
Turn   | Place    | Note
-------+----------+-------------------------------------------
     0 | D:1      | jlumianski the Gargoyle Gladiator began the quest for the
                  | Orb.
     0 | D:1      | Reached XP level 1. HP: 12/12 MP: 1/1
   195 | D:1      | Reached XP level 2. HP: 13/18 MP: 2/2
   295 | D:1      | Reached skill level 3 in Axes
   483 | D:2      | Slain by a jelly

Illustrated notes

Levels and vault maps discovered:
D:1:      dpeg_arrival_snail, layout_basic, dreamdust_mushroom_princess
D:2:      layout_loops_corners, uniq_jessica
D:3:      layout_loops_ring, nicolae_hepliaklqana_monster_ancestors,
          ebering_ecumenical_altar_rust, grunt_ministairs_7, lemuel_flame_loot_1

Skill      XL: |  1  2 |
---------------+-------+-----
Axes           | 3 |  3.0
Fighting       | |  2.4
Throwing       | |  1.8
Dodging        | |  2.6

Action                   || total
-------------------------++-------
Melee: War axe           ||    40
Armor: Leather armour    ||    32
Dodge: Dodged            ||    39

Table legend: (Time is in decaauts)
 A = Elapsed time spent in this place.
 B = Non-inter-level travel time spent in this place.
 C = Inter-level travel time spent in this place.
 D = Time resting spent in this place.
 E = Time spent auto-exploring this place.
 F = Levels seen in this place.
 G = Mean time per level.
                   A        B        C        D        E       F      G
               +--------+--------+--------+--------+--------+-----+--------+
         Total |    498 |    498 |      0 |    112 |    208 |   3 |  166.0 |
       Dungeon |    498 |    498 |      0 |    112 |    208 |   3 |  166.0 |
               +--------+--------+--------+--------+--------+-----+--------+

Top non-repeatable levels by time:
     D:1: 349 daAuts
     D:2: 142 daAuts
     D:3: 6 daAuts
